cohdb
Replays
Latest Replays
All Replays
Popular Replays
Top Player Replays
Match Explorer
How It Works
Community
CoH3 Stats
Reddit
Sign in to upload your games and track your stats! →
Sign in with Steam
Match 46314564
Unlisted
Match 46314564
Overview
Messages
Build Orders
End
Pioneer Squad
Construct Infanterie Kompanie
Selects Terror Battlegroup
Grenadier Squad
Selects Heavy Gunnery
MG 42 Machine Gun Team
Grenadier Squad
Construct Panzergrenadier Kompanie
Selects Contempt for the Weak
Panzergrenadier Squad
Medical Station
251 Medium Carrier
Pak 40 Anti-tank Gun Team
Panzergrenadier Squad
Panzergrenadier Officer Quarters
Selects Jericho Trumpet
Support Elements
StuG III G Assault Gun
StuG III G Assault Gun
Panzergrenadier Squad
StuG III G Assault Gun
Selects V1 Rocket Strike
Pak 40 Anti-tank Gun Team
Selects Defend the Fatherland
Construct Panzer Kompanie
Jericho Trumpet
StuG III G Assault Gun
Oddball!
DebaKLeTV
1st SubStar
ZELOT
0
0
Comments
sign in to comment!
No comments posted yet!